 Dungeon Crawl Stone Soup version 0.26.1-11-gd32895ea62 (webtiles) character file.

Game seed: 15282520775228593593

128 buriedalive the Chiller (level 4, 0/24 HPs)
             Began as a Deep Elf Ice Elementalist on May 25, 2021.
             Slain by Sigmund
             ... wielding a +0 scythe
              (10 damage)
             ... on level 3 of the Dungeon.
             The game lasted 00:04:07 (3941 turns).

buriedalive the Chiller (Deep Elf Ice Elementalist) Turns: 3941, Time: 00:04:08

Health: 0/24       AC:  6    Str:  5    XL:     4   Next: 87%
Magic:  8/10       EV: 13    Int: 21    God:
Gold:   124        SH:  0    Dex: 15    Spells: 2/9 levels left

rFire    . . .     SeeInvis .   e - +0 dagger
rCold    . . .     Faith    .   (no shield)
rNeg     . . .     Spirit   .   t - +0 leather armour
rPois    .         Reflect  .   h - +0 helmet
rElec    .         Harm     .   q - +0 cloak
rCorr    .         Rampage  .   l - +0 pair of gloves
Will     .....                  (no boots)
Stlth    +.........             (no amulet)
HPRegen  0.08/turn              (no ring)
MPRegen  0.12/turn              (no ring)

@: confused
A: no striking features
a: no special abilities


You were on level 3 of the Dungeon.
You visited 1 branch of the dungeon, and saw 3 of its levels.

You collected 124 gold pieces.

Inventory:

Hand Weapons
 e - a +0 dagger (weapon)
Missiles
 c - 83 stones
 i - a throwing net
 r - 12 poisoned darts
Armour
 a - a +0 robe
 h - a +0 helmet (worn)
 l - a +0 pair of gloves (worn)
 q - a +0 cloak (worn)
 t - a +0 leather armour (worn)
Jewellery
 j - an uncursed ring of positive energy {unknown}
 m - an uncursed ring of wizardry {unknown}
 s - an uncursed amulet of magic regeneration {unknown}
Scrolls
 d - a scroll of amnesia {unknown}
 f - a scroll of random uselessness {unknown}
 g - 2 scrolls of remove curse {unknown}
 k - 2 scrolls of noise {unknown}
 o - 2 scrolls of identify {unknown}
 u - a scroll of enchant armour {unknown}
 v - a scroll of teleportation {unknown}
Potions
 b - a potion of might
 n - 4 potions of heal wounds {unknown}
 p - a potion of brilliance {unknown}


   Skills:
 + Level 4.7 Dodging
 - Level 2.4 Stealth
 - Level 3.0 Spellcasting
 + Level 5.7 Ice Magic


You had 2 spell levels left.
You knew the following spells:

 Your Spells              Type           Power        Failure   Level
a - Freeze                Ice            100%         1%          1
b - Frozen Ramparts       Ice            54%          6%          3
c - Ozocubu's Armour      Ice            27%          6%          3

Your spell library contained the following spells:

 Spells                   Type           Power        Failure   Level
 Hailstorm                Conj/Ice       15%          56%         4
 Summon Ice Beast         Ice/Summ       15%          56%         4


Dungeon Overview and Level Annotations

Branches:
Dungeon (3/15)

Altars:
Fedhas

Annotations:
D:3 Sigmund


Message History

You bump into the rock wall.
Sigmund points at you and mumbles some strange words.
The puff of flame hits you.
Unknown command.
Sigmund closely misses you.
Unknown command.
Unknown command.
Sigmund hits you with a +0 scythe. Sigmund casts a spell at you.
You are more confused.
Unknown command.
Sigmund hits you but does no damage.
You bump into the rock wall.
You bump into the rock wall.
Sigmund screams, "I am the angel of ZOT!!!"
Sigmund casts a spell at you. The magic dart hits you.
You bump into the rock wall.
Sigmund hits you from afar with a +0 scythe!
You die...

#.#........<.....# .
#.#..............# .
#.#...........#.####
######.#...........#.....
#......#.................
#......#.................
#......#.................
#......######............
#....)..@.# #............
#......##.# #............
#......##.@.#############
#......##.### #......##..
######..... #.###.. #..
.. ...


You could see Sigmund.

Vanquished Creatures
  7 adders
  An ooze (D:3)
  4 dart slugs
  2 leopard geckos (D:1)
  4 orcs (D:3)
  5 goblins
  6 hobgoblins
  6 jackals
  3 bats
  2 frilled lizards (D:2)
  5 kobolds
  7 rats
52 creatures vanquished.

Notes
Turn   | Place    | Note
-------+----------+-------------------------------------------
     0 | D:1      | buriedalive the Deep Elf Ice Elementalist began the quest
                  | for the Orb.
     0 | D:1      | Reached XP level 1. HP: 10/10 MP: 6/6
   271 | D:1      | You fall into a shaft and drop 1 floor!
   285 | D:1      | Reached XP level 2. HP: 9/15 MP: 6/8
  1317 | D:2      | Reached skill level 5 in Ice Magic
  1317 | D:2      | Reached XP level 3. HP: 6/19 MP: 6/9
  2452 | D:2      | Found a blossoming altar of Fedhas.
  2474 | D:2      | Reached XP level 4. HP: 13/24 MP: 6/10
  2611 | D:2      | Learned a level 3 spell: Frozen Ramparts
  2615 | D:2      | Learned a level 3 spell: Ozocubu's Armour
  3926 | D:3      | Noticed Sigmund
  3941 | D:3      | Slain by Sigmund

Illustrated notes

Levels and vault maps discovered:
D:1:      scummos_arrival_simple_crosswalls, layout_loops_ring
D:2:      layout_loops_ring, lemuel_round_altar, kennysheep_nub
D:3:      layout_basic, uniq_sigmund

Skill      XL: |  1  2  3 |
---------------+----------+-----
Dodging        | 3 4 |  4.7
Ice Magic      | 5 |  5.7
Stealth        | |  2.4
Spellcasting   | |  3.0

Action                   |  1- 3 |  4- 6 || total
-------------------------+-------+-------++-------
Melee: Dagger            |    41 |    14 ||    55
       Unarmed           |     2 |       ||     2
 Cast: Freeze            |    45 |    30 ||    75
  Use: Potion            |     4 |       ||     4
 Stab: Sleeping          |     2 |     1 ||     3
Armor: Robe              |    10 |     6 ||    16
       Leather armour    |       |     2 ||     2
Dodge: Dodged            |    49 |    24 ||    73
